[ AOE2 MATCH · #458799752 ]
UnrankedCumans vs Khmer
[ REPLAY ANALYSIS · EXTRACTED FROM THE RECORDED GAME ]
Feudal
10:53
Castle
24:40
Imperial
—
| APM avg | 13.2 |
| APM peak | 54 |
| eAPM avg | 8.1 |
| Villagers / military | 44 / 14 |
Focus
⚔️ 16.0% · 🌾 84.0%
Battering Ram ×14 · Trade Cart ×3
Feudal
10:51
Castle
—
Imperial
—
| APM avg | 13.4 |
| APM peak | 31 |
| eAPM avg | 9.1 |
| Villagers / military | 39 / 23 |
Focus
⚔️ 31.6% · 🌾 68.4%
Skirmisher ×12 · Scout Cavalry ×11
Feudal
12:53
Castle
23:51
Imperial
—
| APM avg | 21.0 |
| APM peak | 79 |
| eAPM avg | 13.1 |
| Villagers / military | 98 / 8 |
Focus
⚔️ 9.3% · 🌾 90.7%
Battering Ram ×8 · Trade Cart ×5
Feudal
14:13
Castle
19:53
Imperial
—
| APM avg | 9.9 |
| APM peak | 39 |
| eAPM avg | 6.6 |
| Villagers / military | 51 / 0 |
Focus
⚔️ 9.0% · 🌾 91.0%
Feudal
12:01
Castle
25:47
Imperial
—
| APM avg | 14.9 |
| APM peak | 40 |
| eAPM avg | 9.8 |
| Villagers / military | 30 / 51 |
Focus
⚔️ 33.2% · 🌾 66.8%
Militia ×35 · Spearman ×16 · Trade Cart ×2
Feudal
12:07
Castle
—
Imperial
—
| APM avg | 33.5 |
| APM peak | 71 |
| eAPM avg | 16.5 |
| Villagers / military | 41 / 8 |
Focus
⚔️ 21.9% · 🌾 78.1%
Archer ×7 · Scout Cavalry ×1
Feudal
12:28
Castle
23:30
Imperial
—
| APM avg | 16.4 |
| APM peak | 35 |
| eAPM avg | 12.4 |
| Villagers / military | 42 / 85 |
Focus
⚔️ 41.3% · 🌾 58.7%
Militia ×85
Feudal
14:24
Castle
—
Imperial
—
| APM avg | 11.2 |
| APM peak | 30 |
| eAPM avg | 7.7 |
| Villagers / military | 42 / 11 |
Focus
⚔️ 12.8% · 🌾 87.2%
Camel Scout ×11
Match map
Initial resources + every placement click. Lines = walls · curves = elevation contours. ◆ gold · ⬟ stone · ● berries · ✦ relic · ◌ wall gap
Your base· ✓ Closed at 24:40 · 14t walls · 1 gate(s)
cody mavrick's base· ✓ Closed at 12:00 · 0t walls · 1 gate(s)
M.S.'s base· ✓ Closed at 23:51 · 14t walls · 2 gate(s)
acel98's base· ✓ Closed at 19:53 · 27t walls · 1 gate(s)
simirfan's base· ✓ Closed at 25:47 · 19t walls · 2 gate(s)
Seefor's base· ✓ Closed at 25:43 · 7t walls · 1 gate(s)
Geosim's base· ✓ Closed at 23:30 · 0t walls · 3 gate(s)
Scanderbeg^ReX¬ALBANIE's base· Open — 3t gap
Smoothed initial terrain · ◌ = detected wall gap · hover for details
Inputs per minute
— karamasce - - cody mavrick
Build order — karamasce
102 actions detected in the replay
| 0:05 | Build | House |
| 0:07 | Build | House |
| 0:09 | Create | Villager (Male) |
| 0:09 | Create | Villager (Male) |
| 0:09 | Create | Villager (Male) |
| 0:10 | Create | Villager (Male) |
| 0:10 | Create | Villager (Male) |
| 0:11 | Research | Loom |
| 1:54 | Create | Villager (Male) |
| 2:21 | Create | Villager (Male) |
| 2:55 | Create | Villager (Male) |
| 3:16 | Build | Lumber Camp |
| 3:22 | Create | Villager (Male) |
| 3:45 | Create | Villager (Male) |
| 3:45 | Create | Villager (Male) |
| 3:58 | Build | House |
| 4:22 | Create | Villager (Male) |
| 4:52 | Create | Villager (Male) |
| 4:53 | Create | Villager (Male) |
| 5:17 | Create | Villager (Male) |
| 6:06 | Create | Villager (Male) |
| 6:07 | Create | Villager (Male) |
| 7:14 | Create | Villager (Male) |
| 7:14 | Create | Villager (Male) |
| 7:21 | Build | House |
| 7:59 | Build | Mill |
| 8:43 | Research | Feudal Age |
| 9:04 | Build | Mining Camp |
| 9:36 | Build | Barracks |
| 10:53 | Age | Feudal Age |
| 11:00 | Build | Blacksmith |
| 11:05 | Create | Villager (Male) |
| 11:05 | Create | Villager (Male) |
| 11:06 | Create | Villager (Male) |
| 12:00 | Build | Siege Workshop |
| 12:31 | Create | Villager (Male) |
| 12:32 | Create | Villager (Male) |
| 12:52 | Create | Villager (Male) |
| 13:27 | Build | Palisade Wall |
| 13:35 | Build | Palisade Gate |
| 13:47 | Create | Battering Ram |
| 13:47 | Create | Battering Ram |
| 13:52 | Build | House |
| 13:54 | Build | House |
| 13:56 | Build | House |
| 14:12 | Create | Villager (Male) |
| 14:12 | Create | Villager (Male) |
| 14:14 | Create | Villager (Male) |
| 15:03 | Build | Farm |
| 15:04 | Build | Farm |
| 15:05 | Build | Farm |
| 15:06 | Build | Farm |
| 16:03 | Build | Mill |
| 16:07 | Create | Villager (Male) |
| 16:07 | Create | Villager (Male) |
| 16:08 | Create | Villager (Male) |
| 16:29 | Build | Market |
| 17:54 | Create | Battering Ram |
| 17:54 | Create | Battering Ram |
| 17:55 | Create | Battering Ram |
| 19:01 | Create | Battering Ram |
| 19:04 | Create | Villager (Male) |
| 19:05 | Create | Villager (Male) |
| 19:05 | Create | Villager (Male) |
| 19:05 | Create | Villager (Male) |
| 19:24 | Build | Farm |
| 19:24 | Build | Farm |
| 19:28 | Create | Villager (Male) |
| 19:28 | Create | Villager (Male) |
| 19:33 | Research | Horse Collar |
| 19:42 | Research | Double-Bit Axe |
| 19:59 | Build | Farm |
| 20:00 | Build | Farm |
| 21:02 | Build | Farm |
| 21:02 | Build | Farm |
| 21:10 | Create | Villager (Male) |
| 21:15 | Build | Farm |
| 21:28 | Create | Trade Cart |
| 21:29 | Create | Trade Cart |
| 21:31 | Create | Trade Cart |
| 21:45 | Build | Farm |
| 21:50 | Research | Castle Age |
| 21:59 | Create | Battering Ram |
| 22:00 | Create | Battering Ram |
| 22:43 | Build | Mining Camp |
| 23:01 | Build | House |
| 23:04 | Build | House |
| 23:40 | Create | Battering Ram |
| 23:42 | Create | Battering Ram |
| 23:54 | Build | Town Center |
| 24:15 | Create | Villager (Male) |
| 24:31 | Create | Battering Ram |
| 24:40 | Age | Castle Age |
| 25:33 | Research | Capped Ram (upgrade) |
| 25:38 | Create | Villager (Male) |
| 25:39 | Create | Villager (Male) |
| 25:39 | Create | Villager (Male) |
| 25:39 | Create | Villager (Male) |
| 25:39 | Create | Villager (Male) |
| 25:51 | Create | Battering Ram |
| 25:51 | Create | Battering Ram |
| 25:51 | Create | Battering Ram |
Build order — cody mavrick
109 actions detected in the replay
| 0:04 | Build | House |
| 0:06 | Build | House |
| 0:07 | Create | Villager (Male) |
| 0:07 | Create | Villager (Male) |
| 0:07 | Create | Villager (Male) |
| 0:08 | Create | Villager (Male) |
| 1:31 | Create | Villager (Male) |
| 1:31 | Create | Villager (Male) |
| 1:53 | Build | Lumber Camp |
| 2:20 | Create | Villager (Male) |
| 2:20 | Create | Villager (Male) |
| 2:20 | Create | Villager (Male) |
| 2:34 | Create | Villager (Male) |
| 2:34 | Create | Villager (Male) |
| 3:08 | Create | Villager (Male) |
| 3:08 | Create | Villager (Male) |
| 3:41 | Create | Villager (Male) |
| 3:41 | Create | Villager (Male) |
| 3:52 | Build | House |
| 3:54 | Build | House |
| 4:38 | Create | Villager (Male) |
| 4:39 | Research | Loom |
| 5:01 | Create | Villager (Male) |
| 5:31 | Create | Villager (Male) |
| 5:52 | Build | Mill |
| 6:16 | Create | Villager (Male) |
| 6:16 | Create | Villager (Male) |
| 6:27 | Create | Villager (Male) |
| 7:38 | Create | Villager (Male) |
| 8:09 | Build | Lumber Camp |
| 8:10 | Create | Villager (Male) |
| 8:26 | Build | House |
| 8:41 | Research | Feudal Age |
| 8:42 | Research | Feudal Age |
| 8:58 | Build | Barracks |
| 9:28 | Create | Villager (Male) |
| 9:51 | Build | Palisade Gate |
| 9:58 | Create | Villager (Male) |
| 10:27 | Build | Farm |
| 10:27 | Build | Farm |
| 10:27 | Build | Farm |
| 10:40 | Build | Mining Camp |
| 10:51 | Age | Feudal Age |
| 11:29 | Create | Villager (Male) |
| 11:35 | Build | Farm |
| 12:11 | Create | Villager (Male) |
| 12:12 | Create | Villager (Male) |
| 12:21 | Create | Villager (Male) |
| 12:30 | Build | Stable |
| 12:32 | Build | Stable |
| 12:35 | Create | Villager (Male) |
| 12:51 | Research | Double-Bit Axe |
| 13:27 | Build | House |
| 13:30 | Create | Villager (Male) |
| 13:39 | Create | Villager (Male) |
| 13:47 | Build | Blacksmith |
| 14:10 | Create | Villager (Male) |
| 14:41 | Research | Bloodlines |
| 14:42 | Create | Scout Cavalry |
| 14:42 | Create | Scout Cavalry |
| 14:48 | Build | House |
| 14:50 | Build | House |
| 14:58 | Research | Wheelbarrow |
| 15:06 | Build | Farm |
| 15:07 | Build | Farm |
| 15:25 | Build | Farm |
| 15:30 | Build | Farm |
| 15:42 | Research | Scale Barding Armor |
| 15:53 | Build | Farm |
| 15:54 | Build | Farm |
| 15:54 | Build | Farm |
| 15:54 | Build | Farm |
| 16:01 | Create | Villager (Male) |
| 16:19 | Create | Villager (Male) |
| 16:27 | Create | Scout Cavalry |
| 16:46 | Build | Farm |
| 16:57 | Create | Scout Cavalry |
| 17:20 | Build | Archery Range |
| 17:22 | Build | Archery Range |
| 17:27 | Create | Scout Cavalry |
| 17:28 | Create | Scout Cavalry |
| 17:28 | Create | Scout Cavalry |
| 18:00 | Create | Villager (Male) |
| 18:00 | Create | Villager (Male) |
| 18:00 | Create | Villager (Male) |
| 18:01 | Create | Villager (Male) |
| 18:37 | Build | Town Center |
| 18:41 | Create | Scout Cavalry |
| 18:42 | Create | Scout Cavalry |
| 18:42 | Create | Scout Cavalry |
| 18:42 | Create | Scout Cavalry |
| 18:59 | Create | Skirmisher |
| 19:00 | Create | Skirmisher |
| 19:00 | Create | Skirmisher |
| 19:00 | Create | Skirmisher |
| 19:01 | Create | Skirmisher |
| 19:01 | Create | Skirmisher |
| 20:08 | Create | Skirmisher |
| 20:08 | Create | Skirmisher |
| 20:09 | Create | Skirmisher |
| 20:13 | Build | Farm |
| 20:14 | Build | Farm |
| 20:14 | Build | Farm |
| 20:14 | Build | Farm |
| 20:14 | Build | Farm |
| 20:15 | Build | Farm |
| 20:53 | Create | Skirmisher |
| 20:53 | Create | Skirmisher |
| 20:54 | Create | Skirmisher |
Build order — M.S.
First 150 of 159 actions detected
| 0:01 | Create | Villager (Male) ×4 |
| 0:01 | Create | Villager (Male) |
| 0:01 | Create | Villager (Male) |
| 0:01 | Create | Villager (Male) |
| 0:01 | Create | Villager (Male) |
| 0:01 | Create | Villager (Male) |
| 0:01 | Create | Villager (Male) |
| 0:01 | Create | Villager (Male) |
| 0:01 | Create | Villager (Male) |
| 0:01 | Create | Villager (Male) |
| 0:01 | Create | Villager (Male) |
| 0:01 | Create | Villager (Male) |
| 0:01 | Create | Villager (Male) |
| 0:01 | Create | Villager (Male) |
| 0:01 | Create | Villager (Male) |
| 0:01 | Create | Villager (Male) |
| 0:01 | Create | Villager (Male) |
| 0:01 | Create | Villager (Male) |
| 0:01 | Create | Villager (Male) |
| 0:01 | Create | Villager (Male) |
| 0:01 | Create | Villager (Male) |
| 0:01 | Create | Villager (Male) |
| 0:01 | Create | Villager (Male) |
| 0:01 | Create | Villager (Male) |
| 0:01 | Create | Villager (Male) |
| 0:04 | Build | House |
| 1:33 | Create | Villager (Male) |
| 1:33 | Create | Villager (Male) |
| 2:01 | Build | House |
| 2:03 | Build | House |
| 2:04 | Build | House |
| 2:12 | Create | Villager (Male) |
| 2:29 | Create | Villager (Male) |
| 2:50 | Build | Palisade Gate |
| 2:56 | Build | House |
| 2:59 | Build | House |
| 3:04 | Build | House |
| 3:07 | Create | Villager (Male) |
| 3:27 | Create | Villager (Male) |
| 3:54 | Create | Villager (Male) |
| 3:54 | Create | Villager (Male) |
| 4:28 | Research | Loom |
| 4:48 | Create | Villager (Male) |
| 4:48 | Create | Villager (Male) |
| 5:23 | Build | Mill |
| 5:39 | Create | Villager (Male) |
| 5:47 | Create | Villager (Male) |
| 6:25 | Create | Villager (Male) |
| 6:36 | Create | Villager (Male) |
| 6:36 | Create | Villager (Male) |
| 6:51 | Create | Villager (Male) |
| 7:03 | Build | Mining Camp |
| 7:06 | Create | Villager (Male) |
| 7:27 | Create | Villager (Male) |
| 7:27 | Create | Villager (Male) |
| 7:53 | Build | Lumber Camp |
| 7:55 | Create | Villager (Male) |
| 7:56 | Create | Villager (Male) |
| 7:56 | Create | Villager (Male) |
| 9:19 | Create | Villager (Male) |
| 9:33 | Create | Villager (Male) |
| 9:33 | Create | Villager (Male) |
| 10:27 | Research | Feudal Age |
| 12:50 | Create | Villager (Male) |
| 12:50 | Create | Villager (Male) |
| 12:52 | Create | Villager (Male) |
| 12:53 | Age | Feudal Age |
| 13:06 | Build | Blacksmith |
| 13:13 | Build | Market |
| 13:19 | Create | Villager (Male) |
| 13:23 | Build | House |
| 13:24 | Build | House |
| 13:29 | Research | Double-Bit Axe |
| 13:31 | Research | Gold Mining |
| 14:13 | Build | Siege Workshop |
| 14:26 | Create | Villager (Male) |
| 14:27 | Create | Villager (Male) |
| 14:54 | Create | Battering Ram |
| 14:55 | Create | Battering Ram |
| 15:10 | Build | Mining Camp |
| 15:20 | Research | Wheelbarrow |
| 15:47 | Create | Villager (Male) |
| 15:48 | Create | Villager (Male) |
| 16:05 | Create | Battering Ram |
| 16:16 | Create | Battering Ram |
| 16:32 | Create | Villager (Male) |
| 17:08 | Create | Battering Ram |
| 17:31 | Create | Villager (Male) |
| 17:31 | Create | Villager (Male) |
| 17:31 | Create | Villager (Male) |
| 17:31 | Create | Villager (Male) |
| 17:31 | Create | Villager (Male) |
| 17:31 | Create | Villager (Male) |
| 17:31 | Create | Villager (Male) |
| 17:31 | Create | Villager (Male) |
| 17:31 | Create | Villager (Male) |
| 17:31 | Create | Villager (Male) |
| 17:31 | Create | Villager (Male) |
| 17:31 | Create | Villager (Male) |
| 17:31 | Create | Villager (Male) |
| 17:31 | Create | Villager (Male) |
| 17:31 | Create | Villager (Male) |
| 17:31 | Create | Villager (Male) |
| 17:31 | Create | Villager (Male) |
| 17:31 | Create | Villager (Male) |
| 17:31 | Create | Villager (Male) |
| 17:31 | Create | Villager (Male) |
| 17:31 | Create | Villager (Male) |
| 17:31 | Create | Villager (Male) |
| 17:31 | Create | Villager (Male) |
| 17:31 | Create | Villager (Male) |
| 17:58 | Build | Palisade Gate |
| 18:03 | Build | Palisade Wall |
| 18:06 | Build | Palisade Wall |
| 19:03 | Create | Battering Ram |
| 19:03 | Create | Battering Ram |
| 19:37 | Build | Town Center |
| 20:20 | Create | Villager (Male) |
| 20:21 | Create | Villager (Male) |
| 20:21 | Create | Villager (Male) |
| 20:36 | Research | Castle Age |
| 20:43 | Build | Farm |
| 20:44 | Build | Farm |
| 20:44 | Build | Farm |
| 20:44 | Build | Farm |
| 20:44 | Build | Farm |
| 20:45 | Build | Farm |
| 20:45 | Build | Farm |
| 20:45 | Build | Farm |
| 21:04 | Create | Battering Ram |
| 21:38 | Research | Horse Collar |
| 23:08 | Create | Villager (Male) |
| 23:08 | Create | Villager (Male) |
| 23:09 | Create | Villager (Male) |
| 23:09 | Create | Villager (Male) |
| 23:24 | Create | Trade Cart |
| 23:25 | Create | Trade Cart |
| 23:26 | Create | Trade Cart |
| 23:51 | Age | Castle Age |
| 24:02 | Research | Capped Ram (upgrade) |
| 24:24 | Build | Town Center |
| 24:26 | Create | Villager (Male) |
| 24:26 | Create | Villager (Male) |
| 24:40 | Create | Villager (Male) |
| 24:50 | Create | Trade Cart |
| 24:50 | Create | Trade Cart |
| 24:54 | Build | House |
| 24:56 | Build | House |
| 24:58 | Build | House |
| 24:59 | Build | House |
Build order — acel98
100 actions detected in the replay
| 0:04 | Build | House |
| 0:06 | Build | House |
| 0:06 | Create | Villager (Male) |
| 0:06 | Create | Villager (Male) |
| 0:07 | Create | Villager (Male) |
| 0:07 | Create | Villager (Male) |
| 1:37 | Create | Villager (Male) |
| 2:06 | Build | Lumber Camp |
| 2:07 | Research | Loom |
| 2:14 | Create | Villager (Male) |
| 2:36 | Create | Villager (Male) |
| 3:05 | Create | Villager (Male) |
| 3:05 | Create | Villager (Male) |
| 3:20 | Create | Villager (Male) |
| 3:59 | Build | House |
| 4:00 | Build | House |
| 4:11 | Create | Villager (Male) |
| 4:11 | Create | Villager (Male) |
| 4:11 | Create | Villager (Male) |
| 4:26 | Build | Mill |
| 4:54 | Create | Villager (Male) |
| 5:28 | Create | Villager (Male) |
| 5:29 | Create | Villager (Male) |
| 5:57 | Build | Palisade Wall |
| 6:08 | Create | Villager (Male) |
| 6:08 | Create | Villager (Male) |
| 6:36 | Create | Villager (Male) |
| 6:36 | Create | Villager (Male) |
| 6:36 | Create | Villager (Male) |
| 7:28 | Create | Villager (Male) |
| 7:53 | Create | Villager (Male) |
| 7:53 | Create | Villager (Male) |
| 7:54 | Create | Villager (Male) |
| 8:08 | Build | Farm |
| 8:10 | Build | Farm |
| 8:29 | Build | Mining Camp |
| 8:51 | Create | Villager (Male) |
| 8:56 | Build | House |
| 8:57 | Build | House |
| 9:22 | Create | Villager (Male) |
| 9:22 | Create | Villager (Male) |
| 9:23 | Create | Villager (Male) |
| 9:24 | Create | Villager (Male) |
| 9:24 | Create | Villager (Male) |
| 10:38 | Create | Villager (Male) |
| 11:01 | Build | Mining Camp |
| 11:11 | Research | Feudal Age |
| 11:25 | Build | Farm |
| 11:34 | Build | Farm |
| 11:42 | Build | Mill |
| 12:13 | Build | Barracks |
| 12:14 | Build | House |
| 12:16 | Build | House |
| 14:13 | Age | Feudal Age |
| 14:39 | Build | Market |
| 14:42 | Research | Double-Bit Axe |
| 14:43 | Create | Villager (Male) |
| 14:43 | Create | Villager (Male) |
| 14:44 | Create | Villager (Male) |
| 14:44 | Create | Villager (Male) |
| 14:44 | Create | Villager (Male) |
| 14:44 | Create | Villager (Male) |
| 14:53 | Build | Blacksmith |
| 15:02 | Build | Stone Wall |
| 15:16 | Build | Farm |
| 15:18 | Build | Farm |
| 15:19 | Build | Farm |
| 15:20 | Build | Farm |
| 15:21 | Build | Farm |
| 16:50 | Research | Castle Age |
| 16:54 | Research | Horse Collar |
| 17:23 | Build | Farm |
| 17:27 | Build | Farm |
| 17:28 | Build | Farm |
| 17:30 | Build | Farm |
| 17:31 | Build | Farm |
| 17:33 | Build | Farm |
| 18:45 | Build | Farm |
| 18:48 | Build | Farm |
| 18:55 | Build | Gate |
| 19:00 | Build | Archery Range |
| 19:21 | Create | Villager (Male) |
| 19:22 | Create | Villager (Male) |
| 19:22 | Create | Villager (Male) |
| 19:22 | Create | Villager (Male) |
| 19:53 | Age | Castle Age |
| 20:08 | Build | Town Center |
| 20:16 | Build | Castle |
| 20:32 | Research | Fletching |
| 20:35 | Create | Villager (Male) |
| 20:35 | Create | Villager (Male) |
| 20:35 | Create | Villager (Male) |
| 20:41 | Research | Bow Saw |
| 21:21 | Create | Villager (Male) |
| 21:21 | Create | Villager (Male) |
| 21:22 | Create | Villager (Male) |
| 21:22 | Create | Villager (Male) |
| 21:27 | Create | Villager (Male) |
| 21:27 | Create | Villager (Male) |
| 21:43 | Build | Farm |
Build order — simirfan
108 actions detected in the replay
| 0:02 | Research | Loom |
| 0:03 | Create | Villager (Male) ×4 |
| 0:04 | Build | House |
| 0:07 | Build | House |
| 1:26 | Create | Villager (Male) |
| 1:53 | Build | Lumber Camp |
| 2:08 | Create | Villager (Male) |
| 2:27 | Create | Villager (Male) |
| 2:48 | Build | Palisade Gate |
| 2:50 | Build | Palisade Gate |
| 2:55 | Build | House |
| 3:09 | Create | Villager (Male) |
| 3:21 | Create | Villager (Male) |
| 3:53 | Build | Palisade Gate |
| 4:06 | Create | Villager (Male) |
| 4:31 | Create | Villager (Male) |
| 4:46 | Build | House |
| 4:54 | Build | House |
| 5:00 | Build | Palisade Wall |
| 5:16 | Create | Villager (Male) ×2 |
| 5:52 | Build | Mill |
| 6:01 | Create | Villager (Male) |
| 6:27 | Create | Villager (Male) ×3 |
| 7:39 | Create | Villager (Male) |
| 7:50 | Build | Mining Camp |
| 7:54 | Create | Villager (Male) |
| 8:03 | Build | Barracks |
| 8:19 | Create | Villager (Male) |
| 8:36 | Create | Villager (Male) |
| 8:53 | Build | House |
| 9:00 | Build | Outpost |
| 9:11 | Create | Villager (Male) |
| 9:48 | Research | Feudal Age |
| 9:59 | Create | Militia |
| 10:06 | Create | Militia |
| 10:47 | Create | Militia |
| 10:56 | Build | House |
| 11:12 | Build | Mill |
| 11:29 | Create | Villager (Male) |
| 11:30 | Create | Villager (Male) |
| 11:35 | Create | Militia |
| 11:46 | Build | Barracks |
| 11:55 | Build | House |
| 11:56 | Build | House |
| 12:01 | Age | Feudal Age |
| 12:10 | Build | Blacksmith |
| 12:18 | Research | Double-Bit Axe |
| 12:34 | Research | Man-at-Arms (upgrade) |
| 13:13 | Research | Gold Mining |
| 13:25 | Create | Villager (Male) |
| 13:39 | Build | Market |
| 13:48 | Create | Militia |
| 14:30 | Build | Watch Tower |
| 14:41 | Research | Scale Mail Armor |
| 14:45 | Create | Militia ×2 |
| 15:11 | Create | Militia |
| 15:32 | Research | Forging |
| 16:19 | Build | House |
| 16:21 | Build | House |
| 16:27 | Build | Farm |
| 16:27 | Build | Farm |
| 16:27 | Build | Farm |
| 16:28 | Build | Farm |
| 16:28 | Build | Farm |
| 16:28 | Build | Farm |
| 16:31 | Research | Horse Collar |
| 16:34 | Create | Villager (Male) ×4 |
| 17:28 | Create | Spearman ×4 |
| 17:41 | Create | Spearman |
| 17:56 | Build | Farm |
| 17:56 | Build | Farm |
| 17:56 | Build | Farm |
| 17:56 | Build | Farm |
| 17:57 | Build | Farm |
| 17:57 | Build | Farm |
| 17:57 | Build | Farm |
| 17:57 | Build | Farm |
| 17:58 | Build | Farm |
| 17:58 | Build | Farm |
| 18:25 | Build | Palisade Gate |
| 18:47 | Create | Militia ×2 |
| 18:48 | Create | Spearman |
| 19:05 | Create | Militia ×2 |
| 19:42 | Create | Villager (Male) |
| 19:56 | Create | Militia ×4 |
| 19:59 | Create | Spearman |
| 20:14 | Build | Palisade Wall |
| 20:31 | Create | Militia ×3 |
| 21:12 | Create | Militia ×4 |
| 22:05 | Build | Palisade Wall |
| 22:11 | Create | Spearman ×5 |
| 22:45 | Build | Barracks |
| 23:07 | Research | Castle Age |
| 23:09 | Create | Spearman |
| 23:10 | Create | Spearman |
| 23:12 | Create | Spearman |
| 23:21 | Create | Trade Cart |
| 23:58 | Build | Barracks |
| 24:33 | Create | Spearman |
| 24:38 | Create | Trade Cart |
| 24:52 | Create | Militia ×5 |
| 25:08 | Build | Mining Camp |
| 25:44 | Create | Militia ×5 |
| 25:47 | Age | Castle Age |
| 25:49 | Research | Long Swordsman (upgrade) |
| 26:28 | Research | Pikeman (upgrade) |
| 26:29 | Research | Squires |
| 26:30 | Create | Militia ×2 |
Build order — Seefor
101 actions detected in the replay
| 0:04 | Create | Villager (Male) |
| 0:04 | Create | Villager (Male) |
| 0:05 | Build | House |
| 0:07 | Build | House |
| 0:48 | Create | Villager (Male) |
| 0:49 | Create | Villager (Male) |
| 1:29 | Create | Villager (Male) |
| 2:05 | Create | Villager (Male) |
| 2:20 | Create | Villager (Male) |
| 3:07 | Create | Villager (Male) |
| 3:20 | Create | Villager (Male) |
| 3:52 | Create | Villager (Male) |
| 3:58 | Create | Villager (Male) |
| 4:15 | Build | House |
| 4:31 | Create | Villager (Male) |
| 4:48 | Create | Villager (Male) |
| 4:53 | Build | Lumber Camp |
| 5:00 | Create | Villager (Male) |
| 5:04 | Build | House |
| 5:13 | Research | Loom |
| 6:26 | Build | House |
| 6:33 | Create | Villager (Male) |
| 6:34 | Create | Villager (Male) |
| 7:00 | Build | Palisade Wall |
| 7:25 | Create | Villager (Male) |
| 7:46 | Build | Mill |
| 7:55 | Build | House |
| 8:07 | Create | Villager (Male) |
| 8:25 | Build | Palisade Wall |
| 8:43 | Create | Villager (Male) |
| 9:02 | Build | House |
| 9:09 | Create | Villager (Male) |
| 9:38 | Build | Palisade Gate |
| 9:55 | Build | Mining Camp |
| 9:57 | Research | Feudal Age |
| 10:37 | Build | Mining Camp |
| 11:35 | Build | Barracks |
| 11:41 | Create | Villager (Male) |
| 11:41 | Create | Villager (Male) |
| 12:07 | Age | Feudal Age |
| 12:12 | Create | Villager (Male) |
| 12:22 | Research | Double-Bit Axe |
| 13:15 | Create | Villager (Male) |
| 13:24 | Build | Stable |
| 13:48 | Create | Villager (Male) |
| 14:04 | Build | Farm |
| 14:06 | Build | Farm |
| 14:08 | Create | Villager (Male) |
| 14:26 | Create | Villager (Male) |
| 14:35 | Create | Villager (Male) |
| 14:35 | Create | Villager (Male) |
| 14:35 | Create | Villager (Male) |
| 14:46 | Build | Archery Range |
| 14:48 | Create | Villager (Male) |
| 14:49 | Create | Villager (Male) |
| 14:49 | Create | Villager (Male) |
| 15:02 | Create | Villager (Male) |
| 15:12 | Build | Farm |
| 15:14 | Build | Farm |
| 15:31 | Create | Scout Cavalry |
| 16:10 | Build | Watch Tower |
| 16:12 | Create | Archer |
| 16:12 | Create | Archer |
| 16:16 | Create | Villager (Male) |
| 16:18 | Create | Villager (Male) |
| 16:34 | Create | Archer |
| 16:38 | Create | Villager (Male) |
| 16:49 | Build | House |
| 16:55 | Build | House |
| 16:56 | Build | House |
| 17:26 | Build | House |
| 18:31 | Build | House |
| 19:34 | Build | Farm |
| 19:39 | Build | House |
| 19:41 | Build | House |
| 19:45 | Create | Archer |
| 19:46 | Create | Archer |
| 19:46 | Create | Archer |
| 19:51 | Create | Villager (Male) |
| 19:58 | Build | Farm |
| 20:02 | Build | Farm |
| 20:08 | Build | Farm |
| 20:16 | Build | Lumber Camp |
| 20:25 | Build | House |
| 22:54 | Build | Gate |
| 23:04 | Build | Farm |
| 23:06 | Build | Farm |
| 23:13 | Build | Farm |
| 23:19 | Build | Farm |
| 23:22 | Build | Farm |
| 23:25 | Create | Villager (Male) |
| 23:25 | Create | Villager (Male) |
| 23:43 | Build | Watch Tower |
| 23:50 | Build | House |
| 23:52 | Build | House |
| 24:02 | Create | Villager (Male) |
| 24:57 | Build | Market |
| 25:00 | Build | House |
| 25:43 | Research | Castle Age |
| 25:59 | Create | Archer |
| 26:41 | Build | Farm |
Build order — Geosim
First 150 of 157 actions detected
| 0:04 | Create | Villager (Male) ×4 |
| 0:05 | Build | House |
| 0:07 | Build | House |
| 1:31 | Create | Villager (Male) |
| 2:03 | Create | Villager (Male) |
| 2:13 | Build | Lumber Camp |
| 2:28 | Create | Villager (Male) |
| 2:51 | Build | House |
| 2:57 | Create | Villager (Male) |
| 2:58 | Create | Villager (Male) |
| 3:10 | Research | Loom |
| 3:19 | Create | Villager (Male) |
| 3:42 | Create | Villager (Male) |
| 3:42 | Create | Villager (Male) |
| 4:18 | Create | Villager (Male) |
| 4:22 | Build | Mill |
| 4:35 | Build | House |
| 4:44 | Create | Villager (Male) |
| 4:59 | Build | Palisade Gate |
| 5:05 | Create | Villager (Male) |
| 5:05 | Create | Villager (Male) |
| 5:16 | Build | House |
| 5:24 | Create | Villager (Male) |
| 5:48 | Create | Villager (Male) |
| 6:07 | Create | Villager (Male) |
| 6:07 | Create | Villager (Male) |
| 6:36 | Create | Villager (Male) |
| 6:41 | Build | House |
| 6:46 | Build | Palisade Gate |
| 7:07 | Create | Villager (Male) |
| 7:07 | Create | Villager (Male) |
| 7:44 | Research | Loom |
| 8:06 | Build | Barracks |
| 8:13 | Create | Villager (Male) |
| 8:15 | Create | Villager (Male) |
| 8:28 | Build | Palisade Gate |
| 8:41 | Create | Villager (Male) |
| 9:09 | Create | Villager (Male) |
| 9:10 | Create | Villager (Male) |
| 9:26 | Build | Barracks |
| 9:35 | Build | Barracks |
| 9:39 | Research | Feudal Age |
| 9:54 | Build | Mining Camp |
| 10:08 | Create | Militia |
| 10:09 | Create | Militia |
| 10:23 | Build | House |
| 10:41 | Create | Villager (Male) |
| 10:42 | Create | Villager (Male) |
| 10:52 | Create | Militia |
| 11:00 | Create | Militia |
| 11:10 | Build | House |
| 11:20 | Create | Militia |
| 11:31 | Build | Farm |
| 11:31 | Build | Farm |
| 11:32 | Build | Farm |
| 11:47 | Build | Mill |
| 11:55 | Build | House |
| 12:01 | Create | Militia ×2 |
| 12:28 | Age | Feudal Age |
| 12:31 | Research | Arson |
| 12:37 | Build | Blacksmith |
| 13:02 | Research | Double-Bit Axe |
| 13:22 | Create | Villager (Male) |
| 13:30 | Build | House |
| 13:47 | Create | Villager (Male) |
| 13:51 | Research | Gold Mining |
| 13:51 | Research | Gold Mining |
| 13:57 | Research | Scale Mail Armor |
| 14:20 | Build | Barracks |
| 14:23 | Create | Villager (Male) |
| 14:33 | Create | Villager (Male) |
| 14:41 | Build | Farm |
| 14:42 | Build | Farm |
| 14:42 | Build | Farm |
| 14:43 | Build | Farm |
| 15:01 | Create | Villager (Male) |
| 15:15 | Research | Horse Collar |
| 15:15 | Research | Horse Collar |
| 15:19 | Build | House |
| 15:19 | Build | House |
| 15:33 | Build | Farm |
| 15:34 | Build | Farm |
| 15:34 | Build | Farm |
| 15:34 | Build | Farm |
| 15:35 | Build | Farm |
| 15:44 | Research | Forging |
| 15:47 | Create | Villager (Male) |
| 15:52 | Build | Farm |
| 15:53 | Build | Farm |
| 16:04 | Create | Militia |
| 16:05 | Create | Militia |
| 16:08 | Create | Militia |
| 16:15 | Build | Farm |
| 16:18 | Build | Farm |
| 16:28 | Build | Farm |
| 16:35 | Create | Villager (Male) |
| 16:40 | Build | House |
| 16:41 | Build | House |
| 16:52 | Create | Villager (Male) |
| 17:10 | Create | Militia ×2 |
| 17:21 | Build | Farm |
| 17:25 | Create | Villager (Male) |
| 17:58 | Create | Villager (Male) |
| 17:58 | Create | Villager (Male) |
| 18:01 | Build | Farm |
| 18:04 | Build | Farm |
| 18:08 | Build | Market |
| 18:11 | Create | Militia ×2 |
| 18:38 | Build | Farm |
| 18:45 | Create | Militia ×3 |
| 19:01 | Build | Farm |
| 19:10 | Create | Villager (Male) |
| 19:16 | Research | Wheelbarrow |
| 19:20 | Build | House |
| 19:20 | Build | House |
| 19:21 | Build | House |
| 19:41 | Build | Farm |
| 20:46 | Research | Castle Age |
| 20:56 | Build | House |
| 20:56 | Build | House |
| 20:56 | Build | House |
| 20:57 | Build | House |
| 21:13 | Create | Militia |
| 21:14 | Create | Militia |
| 21:15 | Create | Militia |
| 21:31 | Create | Militia |
| 21:32 | Create | Militia |
| 21:44 | Create | Militia |
| 22:05 | Create | Militia ×5 |
| 22:05 | Create | Militia ×5 |
| 22:25 | Create | Militia ×2 |
| 22:25 | Create | Militia |
| 22:28 | Create | Militia |
| 22:44 | Create | Militia |
| 22:57 | Build | Farm |
| 23:00 | Build | Farm |
| 23:04 | Build | House |
| 23:05 | Build | House |
| 23:05 | Build | House |
| 23:05 | Build | House |
| 23:07 | Create | Militia ×3 |
| 23:30 | Age | Castle Age |
| 23:35 | Research | Gambesons |
| 23:36 | Research | Squires |
| 23:49 | Research | Iron Casting |
| 23:57 | Research | Chain Mail Armor |
| 24:12 | Create | Militia ×2 |
| 24:13 | Create | Militia ×2 |
| 24:44 | Build | Barracks |
| 24:46 | Create | Militia ×5 |
Build order — Scanderbeg^ReX¬ALBANIE
103 actions detected in the replay
| 0:03 | Build | House |
| 0:07 | Create | Villager (Male) |
| 0:07 | Create | Villager (Male) |
| 0:07 | Create | Villager (Male) |
| 0:37 | Build | Mill |
| 0:43 | Create | Villager (Male) |
| 1:36 | Build | House |
| 1:54 | Research | Loom |
| 2:06 | Create | Villager (Male) |
| 2:07 | Create | Villager (Male) |
| 2:13 | Build | House |
| 2:16 | Build | House |
| 2:26 | Create | Villager (Male) |
| 3:15 | Create | Villager (Male) |
| 4:06 | Create | Villager (Male) |
| 4:08 | Create | Villager (Male) |
| 4:10 | Create | Villager (Male) |
| 4:11 | Create | Villager (Male) |
| 5:46 | Build | Lumber Camp |
| 5:59 | Create | Villager (Male) |
| 5:59 | Create | Villager (Male) |
| 6:00 | Create | Villager (Male) |
| 6:01 | Create | Villager (Male) |
| 6:07 | Create | Villager (Male) |
| 6:08 | Create | Villager (Male) |
| 6:08 | Create | Villager (Male) |
| 6:10 | Create | Villager (Male) |
| 7:25 | Build | Lumber Camp |
| 7:57 | Create | Villager (Male) |
| 8:44 | Build | House |
| 8:48 | Build | House |
| 8:59 | Create | Villager (Male) |
| 9:48 | Create | Villager (Male) |
| 9:51 | Create | Villager (Male) |
| 10:14 | Build | Barracks |
| 10:36 | Build | Mining Camp |
| 10:43 | Create | Villager (Male) |
| 10:44 | Create | Villager (Male) |
| 10:45 | Create | Villager (Male) |
| 11:51 | Research | Feudal Age |
| 12:06 | Build | House |
| 12:07 | Build | House |
| 12:09 | Build | House |
| 12:10 | Build | House |
| 12:10 | Build | House |
| 13:16 | Build | Mining Camp |
| 14:24 | Age | Feudal Age |
| 14:28 | Build | Stable |
| 14:33 | Build | Stable |
| 14:38 | Build | Stone Wall |
| 14:39 | Build | Stone Wall |
| 14:42 | Build | Stone Wall |
| 14:46 | Build | Gate |
| 14:56 | Build | Archery Range |
| 14:59 | Research | Bloodlines |
| 15:04 | Create | Villager (Male) |
| 15:04 | Create | Villager (Male) |
| 15:05 | Create | Villager (Male) |
| 15:07 | Create | Villager (Male) |
| 15:44 | Create | Camel Scout ×3 |
| 15:55 | Build | Farm |
| 15:56 | Build | Farm |
| 15:57 | Build | Farm |
| 15:58 | Build | Farm |
| 15:58 | Build | Farm |
| 15:59 | Build | Farm |
| 16:00 | Build | Farm |
| 16:02 | Build | Farm |
| 16:05 | Build | Farm |
| 16:08 | Research | Double-Bit Axe |
| 16:19 | Research | Gold Mining |
| 16:28 | Build | Blacksmith |
| 16:33 | Create | Camel Scout |
| 17:22 | Create | Villager (Male) |
| 17:23 | Create | Villager (Male) |
| 17:54 | Build | Farm |
| 17:55 | Research | Horse Collar |
| 17:57 | Create | Villager (Male) |
| 18:16 | Build | Farm |
| 18:21 | Create | Villager (Male) |
| 18:40 | Build | Farm |
| 18:42 | Create | Villager (Male) |
| 19:03 | Create | Villager (Male) |
| 19:07 | Build | Farm |
| 19:11 | Create | Villager (Male) |
| 19:11 | Create | Villager (Male) |
| 19:33 | Build | Mill |
| 19:35 | Create | Villager (Male) |
| 19:46 | Create | Camel Scout ×2 |
| 19:58 | Build | Farm |
| 20:02 | Build | Farm |
| 20:03 | Build | Farm |
| 20:18 | Create | Camel Scout |
| 20:18 | Create | Camel Scout |
| 20:24 | Create | Camel Scout |
| 20:31 | Build | Farm |
| 20:42 | Create | Villager (Male) |
| 20:45 | Build | Farm |
| 20:52 | Create | Camel Scout |
| 20:54 | Create | Camel Scout |
| 21:10 | Build | Farm |
| 21:33 | Research | Scale Barding Armor |
| 21:38 | Create | Villager (Male) |
Match timeline
| 5:00 | simirfan · wall_segment Palisade Wall x5 |
| 5:57 | acel98 · wall_segment Palisade Wall x12 |
| 7:00 | Seefor · wall_segment Palisade Wall x4 |
| 8:03 | simirfan · first_building Barracks |
| 8:06 | Geosim · first_building Barracks |
| 8:25 | Seefor · wall_segment Palisade Wall x3 |
| 8:58 | cody mavrick · first_building Barracks |
| 9:36 | karamasce · first_building Barracks |
| 10:14 | Scanderbeg^ReX¬ALBANIE · first_building Barracks |
| 10:51 | cody mavrick · age_up feudal |
| 10:53 | karamasce · age_up feudal |
| 11:35 | Seefor · first_building Barracks |
| 12:00 | karamasce · first_building Siege Workshop |
| 12:01 | simirfan · age_up feudal |
| 12:07 | Seefor · age_up feudal |
| 12:13 | acel98 · first_building Barracks |
| 12:28 | Geosim · age_up feudal |
| 12:30 | cody mavrick · first_building Stable |
| 12:53 | M.S. · age_up feudal |
| 13:24 | Seefor · first_building Stable |
| 13:27 | karamasce · wall_segment Palisade Wall x14 |
| 14:13 | M.S. · first_building Siege Workshop |
| 14:13 | acel98 · age_up feudal |
| 14:24 | Scanderbeg^ReX¬ALBANIE · age_up feudal |
| 14:28 | Scanderbeg^ReX¬ALBANIE · first_building Stable |
| 14:38 | Scanderbeg^ReX¬ALBANIE · wall_segment Stone Wall x2 |
| 14:39 | Scanderbeg^ReX¬ALBANIE · wall_segment Stone Wall x1 |
| 14:42 | Scanderbeg^ReX¬ALBANIE · wall_segment Stone Wall x13 |
| 14:46 | Seefor · first_building Archery Range |
| 14:56 | Scanderbeg^ReX¬ALBANIE · first_building Archery Range |
| 15:02 | acel98 · wall_segment Stone Wall x15 |
| 15:29 | simirfan · first_market_buy 100 food |
| 17:20 | cody mavrick · first_building Archery Range |
| 18:03 | M.S. · wall_segment Palisade Wall x7 |
| 18:06 | M.S. · wall_segment Palisade Wall x7 |
| 19:00 | acel98 · first_building Archery Range |
| 19:53 | acel98 · age_up castle |
| 20:01 | acel98 · first_market_buy 100 wood |
| 20:14 | simirfan · wall_segment Palisade Wall x8 |
| 20:16 | acel98 · first_building Castle |
| 20:28 | M.S. · first_market_buy 100 food |
| 20:31 | Geosim · first_market_buy 100 food |
| 20:32 | M.S. · first_market_sell 100 wood |
| 20:45 | Geosim · first_market_sell 100 wood |
| 21:41 | cody mavrick · resign |
| 22:05 | simirfan · wall_segment Palisade Wall x6 |
| 22:58 | simirfan · first_market_sell 500 wood |
| 23:30 | Geosim · age_up castle |
| 23:51 | M.S. · age_up castle |
| 24:40 | karamasce · age_up castle |
| 25:47 | simirfan · age_up castle |
| 26:38 | M.S. · first_building Castle |
[ AI ANALYSIS · 1 CREDIT ]
What really happened in this match?
Wolo.gg analyzes every decision: build order, eco, micro, common mistakes by bracket. Personalized analysis on WhatsApp or Discord in 30 seconds.
Civ guide
Cumans
Perfil
Jugador #4872384